 Dungeon Crawl Stone Soup version 0.27-a0-1290-g15d3ce7508 (console) character file.

Game seed: 15989146445920866704

192 Hector the Magician (level 5, -9/31 HPs)
             Began as a Deep Elf Abyssal Knight on June 15, 2021.
             Was a Believer of Lugonu.
             Mangled by Duvessa (12 damage)
             ... on level 4 of the Dungeon.
             The game lasted 00:19:29 (4839 turns).

Hector the Magician (Deep Elf Abyssal Knight)       Turns: 4839, Time: 00:19:29

Health: -9/31      AC:  3    Str:  8 (9)  XL:     5   Next: 42%
Magic:  4/13       EV: 11    Int: 17 (18) God:    Lugonu [**....]
Gold:   164        SH:  0    Dex: 12 (14) Spells: 8/12 levels left

rFire    . . .     SeeInvis .   a - +1 dagger (venom)
rCold    + . .     Faith    .   (no shield)
rNeg     . . .     Spirit   .   c - +0 leather armour
rPois    .         Reflect  .   (no helmet)
rElec    .         Harm     .   (no cloak)
rCorr    .         Rampage  .   (no gloves)
Will     .....                  (no boots)
Stlth    +.........             g - amulet of the acrobat
HPRegen  0.10/turn              C - ring of protection from cold
MPRegen  0.13/turn              s - ring of flight

@: mighty, lit by a corona, flying, glowing
A: no striking features
a: Renounce Religion, Depart the Abyss, Bend Space


You were on level 4 of the Dungeon.
You worshipped Lugonu.
Lugonu was pleased with you.
You visited 1 branch of the dungeon, and saw 4 of its levels.
You visited the Abyss 1 time.

You collected 164 gold pieces.

Inventory:

Hand Weapons
 a - a +1 dagger of venom (weapon)
 b - a +0 hunting sling
 q - a +1 short sword
 r - a +0 trident
Missiles
 d - 107 stones
 t - 2 poisoned darts
 u - 6 curare-tipped darts
Armour
 c - a +0 leather armour (worn)
Jewellery
 g - an amulet of the acrobat (around neck)
 o - a ring of ice
 s - a ring of flight (right hand)
 C - a ring of protection from cold (left hand)
Scrolls
 e - a scroll of magic mapping {unknown}
 k - a scroll of summoning {unknown}
 l - a scroll of enchant weapon {unknown}
 m - 3 scrolls of enchant armour {unknown}
 p - a scroll of identify {unknown}
Potions
 f - a potion of curing
 i - a potion of ambrosia {unknown}
 j - a potion of degeneration


   Skills:
 - Level 2.4 Fighting
 - Level 3.0 Short Blades
 - Level 0.7 Armour
 - Level 2.4 Dodging
 - Level 0.4 Stealth
 * Level 4.3 Spellcasting
 * Level 2.1 Conjurations
 * Level 1.2 Air Magic
 * Level 1.4 Poison Magic
 - Level 2.0 Invocations


You had 8 spell levels left.
You knew the following spells:

 Your Spells              Type           Power      Damage    Failure   Level
a - Magic Dart            Conj           44%        1d5       9%          1
c - Mephitic Cloud        Conj/Pois/Air  9%         N/A       32%         3

Your spell library contained the following spells:

 Spells                   Type           Power      Damage    Failure   Level
 Beastly Appendage        Tmut           6%         N/A       22%         1
 Blink                    Tloc           N/A        N/A       32%         2
 Call Imp                 Summ           3%         N/A       32%         2
 Slow                     Hex            3%         N/A       32%         2
 Wereblood                Tmut           3%         N/A       32%         2
 Conjure Flame            Conj/Fire      7%         6-21      38%         3
 Spider Form              Tmut/Pois      3%         N/A       43%         3
 Ice Form                 Ice/Tmut       3%         N/A       91%         4


Dungeon Overview and Level Annotations

Branches:
Dungeon (4/15)
 Temple: D:4-7

Altars:

Annotations:
D:2 1 runed translucent door, 1 exclusion, Crazy Yiuf, Sigmund
D:4 Duvessa


Message History

Space bends around you!
You blink.
The dart slug launches a dart at you. The slug dart hits you.
Unknown command.
Casting: Mephitic Cloud (quite dangerous; 30% risk of failure)
Confirm with . or Enter, or press ? or * to list all spells.
The spell is quite dangerous to cast (30% risk of failure)!
Continue anyway?
Okay, then.
It was a potion of curing.
You feel better.
It was a potion of degeneration.
There was something very wrong with that liquid.
You feel weakened.
You feel dopey.
You feel clumsy. Duvessa misses you. The dart slug launches a dart at you.
The slug dart hits you. Duvessa barely misses you.
It was a potion of might.
You feel very mighty all of a sudden. Duvessa hits you with a +0 short sword.
The dart slug bites you.
You barely miss Duvessa.
Duvessa is moderately wounded.
Duvessa hits you with a +0 short sword! The dart slug launches a dart at you.
The slug dart hits you. Duvessa hits you with a +0 short sword.
* * * LOW HITPOINT WARNING * * *
Unknown command.
Space bends around you!
You blink.
Duvessa rages.
Unknown command.
It was a potion of heal wounds.
You feel much better.
You hit Duvessa but do no damage.
Duvessa looks even sicker.
Duvessa is moderately wounded.
Duvessa hits you with a +0 short sword.
You puncture Duvessa!
Duvessa looks as sick as possible!
Duvessa is heavily wounded.
Duvessa hits you with a +0 short sword!
Ouch! That really hurt!
* * * LOW HITPOINT WARNING * * *
Unknown command.
Space bends around you!
You blink.
Duvessa hits you with a +0 short sword!
You die...

.# ... #.# ... #.#
.... #..##### .....
#.....#### ##.....
#....ยง.(###.......
###.....e.w....w....
#.......@.<.......w.
.................###.
..############.!##
### ## ..


You could see Duvessa (berserk, extremely poisoned) and 2 dart slugs.

Vanquished Creatures
  A kobold brigand (D:3)
  Dowan (D:4)
  2 adders (D:3)
  A worm (D:2)
  An orc (D:3)
  3 ball pythons
  4 endoplasms
  2 giant cockroaches (D:2)
  4 goblins
  8 hobgoblins
  12 kobolds
  5 bats
  2 frilled lizards
  12 rats
58 creatures vanquished.

Notes
Turn   | Place    | Note
-------+----------+-------------------------------------------
     0 | Abyss:1  | Hector the Deep Elf Abyssal Knight began the quest for the
                  | Orb.
     0 | Abyss:1  | Reached XP level 1. HP: 13/13 MP: 4/4
    11 | D:1      | Escaped the Abyss
   247 | D:1      | Reached skill level 1 in Spellcasting
   310 | D:1      | Found a faded altar of an unknown god.
   321 | D:1      | Reached XP level 2. HP: 18/18 MP: 6/6
  1669 | D:2      | Reached ** piety under Lugonu
  1930 | D:2      | Learned a level 1 spell: Magic Dart
  1953 | D:2      | Reached skill level 2 in Spellcasting
  1953 | D:2      | Reached XP level 3. HP: 22/22 MP: 1/8
  2106 | D:2      | Noticed Sigmund
  2535 | D:3      | Learned a level 3 spell: Mephitic Cloud
  2912 | D:2      | Found a runed translucent door.
  2913 | D:2      | Noticed Crazy Yiuf
  3665 | D:3      | Noticed a kobold brigand
  3992 | D:3      | Killed a kobold brigand
  3993 | D:3      | Reached skill level 3 in Spellcasting
  3993 | D:3      | Reached skill level 1 in Conjurations
  3993 | D:3      | Reached skill level 1 in Air Magic
  3993 | D:3      | Reached skill level 1 in Poison Magic
  3993 | D:3      | Reached XP level 4. HP: 24/27 MP: 4/11
  4172 | D:3      | Reached XP level 5. HP: 31/31 MP: 4/12
  4410 | D:4      | Noticed Duvessa
  4410 | D:4      | Noticed Dowan
  4449 | D:4      | Noticed an ogre
  4549 | D:4      | Noticed a steam dragon
  4828 | D:4      | Killed Dowan
  4829 | D:4      | Reached skill level 4 in Spellcasting
  4839 | D:4      | Mangled by Duvessa

Illustrated notes

Levels and vault maps discovered:
D:1:      amcnicky_arrival_abandoned_market, layout_basic,
          shapermc_ecumenical_altar_starsandcircs, minmay_rat_gold_closets
D:2:      layout_loops_cross, uniq_crazy_yiuf_cottage, uniq_sigmund
D:3:      cheibrodos_thug_alley, layout_loops_cross,
          chequers_serial_rivers_large_a, skrybe_limestone_x
D:4:      layout_layer_cave, nicolae_overflow_hidden_temple,
          minmay_fractal_squares_gapless_5, uniq_duvessa

Skill      XL: |  1  2  3  4  5 |
---------------+----------------+-----
Spellcasting   | 1 2 3 4 |  4.3
Short Blades   | 3 |  3.0
Conjurations   | 1 2 |  2.1
Air Magic      | 1 |  1.2
Poison Magic   | 1 |  1.4
Fighting       | |  2.4
Armour         | |  0.7
Dodging        | |  2.4
Stealth        | |  0.4
Invocations    | |  2.0

Action                   |  1- 3 |  4- 6 || total
-------------------------+-------+-------++-------
Melee: Short sword       |    74 |       ||    74
       Dagger            |    12 |    19 ||    31
 Fire: Hunting sling     |    29 |       ||    29
 Cast: Magic Dart        |    63 |    18 ||    81
       Mephitic Cloud    |       |     1 ||     1
Invok: Bend Space        |       |     5 ||     5
  Use: Potion            |       |     4 ||     4
Armor: Leather armour    |    15 |     2 ||    17
Dodge: Dodged            |    85 |    18 ||   103

Table legend: (Time is in decaauts)
 A = Elapsed time spent in this place.
 B = Non-inter-level travel time spent in this place.
 C = Inter-level travel time spent in this place.
 D = Time resting spent in this place.
 E = Time spent auto-exploring this place.
 F = Levels seen in this place.
 G = Mean time per level.
                   A        B        C        D        E       F      G
               +--------+--------+--------+--------+--------+-----+--------+
         Total |   4853 |   4457 |    396 |   1374 |   1990 |   5 |  970.6 |
       Dungeon |   4842 |   4446 |    396 |   1374 |   1985 |   4 | 1210.5 |
         Abyss |     11 |     11 |      0 |      0 |      5 |   1 |   11.0 |
               +--------+--------+--------+--------+--------+-----+--------+

Top non-repeatable levels by time:
     D:3: 2132 daAuts
     D:1: 1537 daAuts
     D:2: 1111 daAuts
     D:4: 60 daAuts
 Abyss:1: 11 daAuts
